 Dungeon Crawl Stone Soup version 0.27-a0-1193-g8631133539 (webtiles) character file.

Game seed: 10316346411997932996

13 elagabalus the Firebug (level 2, 19/19 HPs)
             Began as a Human Fire Elementalist on May 6, 2021.
             Quit the game on level 1 of the Dungeon on May 27, 2021.
             The game lasted 00:07:56 (677 turns).

elagabalus the Firebug (Human Fire Elementalist)     Turns: 677, Time: 00:07:56

Health: 19/19      AC:  2    Str:  8    XL:     2   Next: 50%
Magic:  5/5        EV: 12    Int: 15    God:
Gold:   10         SH:  0    Dex: 13    Spells: 4/5 levels left

rFire    . . .     SeeInvis .   d - staff of air
rCold    . . .     Faith    .   (no shield)
rNeg     . . .     Spirit   .   a - +0 robe
rPois    .         Reflect  .   (no helmet)
rElec    +         Harm     .   (no cloak)
rCorr    .         Rampage  .   (no gloves)
Will     .....                  (no boots)
Stlth    ++........             (no amulet)
HPRegen  0.06/turn              (no ring)
MPRegen  0.09/turn              (no ring)

@: no status effects
A: no striking features
a: no special abilities


You were on level 1 of the Dungeon.
You visited 1 branch of the dungeon, and saw 1 of its levels.

You collected 10 gold pieces.

Inventory:

Missiles
 e - a throwing net
 f - 42 stones
Armour
 a - a +0 robe (worn)
Magical Staves
 d - a staff of air (weapon)
Scrolls
 c - a scroll of identify
 g - a scroll of holy word {unknown}
Potions
 b - a potion of flight


   Skills:
 - Level 2.0 Dodging
 - Level 2.0 Stealth
 - Level 2.0 Spellcasting
 * Level 2.3 Conjurations
 - Level 3.0 Fire Magic


You had 4 spell levels left.
You knew the following spells:

 Your Spells              Type           Power      Damage    Failure   Level
a - Foxfire               Conj/Fire      36%        2x1d5     8%          1

Your spell library contained the following spells:

 Spells                   Type           Power      Damage    Failure   Level
 Corona                   Hex            1%         N/A       22%         1
 Conjure Flame            Conj/Fire      9%         6-21      22%         3
 Ensorcelled Hibernation  Hex/Ice        2%         N/A       32%         2
 Inner Flame              Hex/Fire       6%         N/A       34%         3
 Dazzling Flash           Conj/Hex       10%        N/A       38%         3
 Confusing Touch          Hex            1%         N/A       54%         3
 Tukima's Dance           Hex            1%         N/A       54%         3
 Sticky Flame             Conj/Fire      9%         2d3       58%         4
 Fireball                 Conj/Fire      4%         3d4       90%         5


Dungeon Overview and Level Annotations

Branches:
Dungeon (1/15)

Altars:


Message History

You kill the bat!
f - 22 stones (gained 3)
Things that are here:
a +0 whip; a kobold corpse
Found 20 stones.
Found a stone staircase leading down.
f - 42 stones (gained 20)
A frilled lizard comes into view.
There is a stone staircase leading down here.
Casting: Foxfire (safe; 8% risk of failure)
Press: ? - help, Q - select action, (/) - cycle Dir - look around, f - activate You conjure some foxfire!
The foxfire hits the frilled lizard.
The frilled lizard is heavily wounded.
The foxfire hits the frilled lizard.
You kill the frilled lizard!
You enter the shallow water.
Moving in this stuff is going to be slow.
You enter the shallow water.
Moving in this stuff is going to be slow.
You enter the shallow water.
Moving in this stuff is going to be slow.
Found a scroll labelled HEFOOJ MOIGYTU.
Found a chain mail.
Found 19 arrows.
g - a scroll labelled HEFOOJ MOIGYTU You see here a +0 chain mail.
A rat comes into view.
Casting: Foxfire (safe; 8% risk of failure)
Press: ? - help, Q - select action, (/) - cycle Dir - look around, f - activate You conjure some foxfire!
The foxfire hits the rat.
You kill the rat!
Your foxfire dissipates!
Autopickup is now off.
Autopickup is now on.
Saving game... please wait.
Welcome back, elagabalus the Human Fire Elementalist.
Press ? for a list of commands and other information.
Are you sure you want to abandon this character and quit the game? (Confirm with "yes".)

## .######## ........####
#######....######### .. ####.
##########.[.......####.#.. #....
≈≈≈≈≈≈≈≈≈≈≈≈≈≈...........#.##....
..........8..≈..@................
############.≈(..........#.#.#.#.
....<......#8≈.....†.........)...
####''######.≈..........#.#.#.#.#
...........#.≈###.#####..........
§§≈≈..≈≈§§≈#.≈. .. .###.....#.
§§≈≈..≈≈≈§≈#.≈ ... #...###.
§..........#. ... #..## #.
####''###### #..# #.


There were no monsters in sight!

Vanquished Creatures
  2 ball pythons (D:1)
  An endoplasm (D:1)
  A giant cockroach (D:1)
  A goblin (D:1)
  A hobgoblin (D:1)
  A kobold (D:1)
  A bat (D:1)
  3 frilled lizards (D:1)
  A rat (D:1)
12 creatures vanquished.

Vanquished Creatures (others)
  24 foxfires (D:1)
24 creatures vanquished.

Grand Total: 36 creatures vanquished

Notes
Turn   | Place    | Note
-------+----------+-------------------------------------------
     0 | D:1      | elagabalus the Human Fire Elementalist began the quest for
                  | the Orb.
     0 | D:1      | Reached XP level 1. HP: 13/13 MP: 3/3
   423 | D:1      | Reached XP level 2. HP: 18/19 MP: 3/5
   677 | D:1      | Upgraded the game from 0.27-a0-1137-g3ef0f4ec91 to
                  | 0.27-a0-1193-g8631133539
   677 | D:1      | Quit the game

Illustrated notes

Levels and vault maps discovered:
D:1:      lightli_arrival_isolated_outpost, layout_rooms,
          minmay_misc_feat_pillars, kennysheep_decorative_pillar

Skill      XL: |  1  2 |
---------------+-------+-----
Conjurations   | 2 |  2.3
Dodging        | |  2.0
Stealth        | |  2.0
Spellcasting   | |  2.0
Fire Magic     | |  3.0

Action                   || total
-------------------------++-------
Melee: Staff             ||     1
 Cast: Foxfire           ||    16
  Use: Scroll            ||     1
Armor: Robe              ||     1
Dodge: Dodged            ||     6

Table legend: (Time is in decaauts)
 A = Elapsed time spent in this place.
 B = Non-inter-level travel time spent in this place.
 C = Inter-level travel time spent in this place.
 D = Time resting spent in this place.
 E = Time spent auto-exploring this place.
 F = Levels seen in this place.
 G = Mean time per level.
                   A        B        C        D        E       F      G
               +--------+--------+--------+--------+--------+-----+--------+
         Total |    678 |    429 |    249 |      0 |      0 |   1 |  678.0 |
       Dungeon |    678 |    429 |    249 |      0 |      0 |   1 |  678.0 |
               +--------+--------+--------+--------+--------+-----+--------+

Top non-repeatable levels by time:
     D:1: 678 daAuts
